Elbereth, lawful female human Valkyrie -------------- |.............######## |..<.........|# # ----.---------# ### # # # ############I## ### # ### ------------# # # #.`.........`| # # % .....`.....| # # # ..----- | # # # ..| # # # `| # # # | # #----- # -----|----- ##....| # |.........| ##|.^(. ## |....>....-#######....| |.....?...| |...| ----------- ----- Elbereth the Fighter Experience level: 6 Strength: 16 Dexterity: 15 Constitution: 17 Intelligence: 9 Wisdom: 9 Charisma: 8 Health: 60(67) Energy: 12(12) Def: 15 Gold: 795 Moves: 3446 Dungeon seed: tlq4rij0S922ZXU6 Game ID: Elbereth_1607549451 Your Inventory: Coins $ - 795 gold pieces Weapons a - the blessed rustproof +1 Excalibur (weapon in hand) b - a +0 dagger g - a +0 elven dagger (in quiver) Armor e - an uncursed +3 small shield (being worn) n - an uncursed +0 dwarvish cloak (being worn) q - an uncursed +2 pair of iron shoes (being worn) r - an uncursed +0 orcish helm (being worn) y - an uncursed +0 splint mail (being worn) Scrolls j - an uncursed scroll of earth m - an uncursed scroll of genocide Rings t - an uncursed ring of conflict (on left hand) Wands l - a wand of teleportation (0:7) o - a wand of magic missile (0:6) Tools d - an uncursed oil lamp (0:1402) Spells and supernatural/magical abilities: Name Level Category Fail Memory W - pray for help -- divine ? -- Your skills at the end: Fighting Skills Weapon Skills dagger [Basic] long sword [Basic] Spellcasting Skills Final Attributes: You were piously aligned. You were cold resistant. You were level-drain resistant. You had automatic searching. You were stealthy. You aggravated monsters. You caused conflict. You are dead. Vanquished creatures: a gnome king a dog 2 bugbears an orc shaman a rock piercer 2 shriekers 4 gnome lords a gnomish wizard a little dog a floating eye 2 dwarves 2 rothes 2 giant bats 2 dwarf zombies a wererat an iguana 2 gas spores 4 hobbits 2 large kobolds 7 hobgoblins a giant rat a yellow mold 2 gnomes 2 garter snakes a gnome zombie 2 geckos 6 jackals 4 foxes 4 kobolds a goblin 2 sewer rats 3 grid bugs 4 bats 3 lichens 2 kobold zombies 4 newts 82 creatures vanquished. Voluntary challenges: You were an atheist. You used a wielded weapon 90 times, starting on turn 303. You read items or engraved 1 time, starting on turn 1529. You never genocided any monsters. You never polymorphed an object. You never changed form. You used no wishes. You never split a pudding. You never wrote Elbereth's name. You violated your moral code, losing 52 points of alignment, starting on turn 1179. Dungeon overview: The Dungeons of Doom: levels 1 to 6 Level 1 a fountain, a sink a long staircase Level 2 Level 3 Level 4 stairs to The Gnomish Mines Level 5 a throne Level 6 <- You were here The Gnomish Mines: Level 5 stairs to The Dungeons of Doom History has recorded: On T:1 you entered the Dungeons of Doom to retrieve the Amulet of Yendor! On T:931 you reached level 2 of The Dungeons of Doom. On T:942 you advanced to experience level 2. On T:1381 you advanced to experience level 3. On T:1414 you reached level 3 of The Dungeons of Doom. On T:1655 you reached level 4 of The Dungeons of Doom. On T:1797 you advanced to experience level 4. On T:2353 you reached level 1 of The Gnomish Mines. On T:2375 you advanced to experience level 5. On T:2617 you reached level 5 of The Dungeons of Doom. On T:2672 you advanced to experience level 6. On T:2982 you reached level 6 of The Dungeons of Doom. Score breakdown: Gold: 795 ( 9867 points) Experience: 6 levels (12456 points) Exploration: 6 levels ( 12.00%) ( 9583 points) Discoveries: 2 items ( 0.82%) ( 2710 points) Valuables value: (no points given unless you survive) Artifact value: 4000 (12253 points) Variety of kills: 36 monsters ( 9.45%) ( 9221 points) Turncount: 3446 turns ( -804 points) Survival: died (score multiplied by 80%) Total score: 44228 Latest messages: You come to. b - a +0 dagger. You faint from lack of food. You come to. The dagger hits the floating eye! You faint from lack of food. You come to. b - a +0 dagger. You faint from lack of food. It just misses! It hits! (2x) It misses. (3x) It hits! (3x) It misses. It hits! (2x) It misses. It hits! (3x) It just misses! It misses. You die from starvation. Final status: Farvel Elbereth the Valkyrie, died of starvation, while fainted from lack of food... You starved in The Dungeons of Doom on dungeon level 6 with 44228 points, and 795 pieces of gold, after 3446 moves. You were level 6 with a maximum of 67 hit points when you starved.